 Dungeon Crawl Stone Soup version 0.17-a0-1582-ge6b0260 (console) character file.

358 FIQ the Cudgeler (level 6, -6/51 HPs)
             Began as a Deep Dwarf Berserker on July 27, 2015.
             Was a Believer of Trog.
             Mangled by a gnoll
             ... wielding a +0 scythe
              (13 damage)
             ... on level 4 of the Dungeon.
             The game lasted 00:10:27 (1967 turns).

FIQ the Cudgeler (Deep Dwarf Berserker)             Turns: 1967, Time: 00:10:27

Health: -6/51      AC:  9    Str: 19      XL:     6   Next: 37%
Magic:  6/6        EV:  9    Int:  7      God:    Trog [**....]
Gold:   140        SH:  0    Dex: 12 (14) Spells: 0 memorised, 5 levels left

rFire  . . .     SeeInvis .     e - +0 morningstar
rCold  . . .     Clarity  .     g - +0 chain mail
rNeg   . . .     SustAt   .     (no shield)
rPois  .         Gourm    .     (no helmet)
rElec  .         Spirit   .     (no cloak)
rCorr  .         Warding  .     (no gloves)
rMut   .         Stasis   .     (no boots)
MR     .....                    j - amulet of inaccuracy (curse)
Stlth  ..........               (no ring)
                                (no ring)

@: starving, non-regenerating, not resistant to hostile enchantments, extremely
unstealthy
A: damage resistance, recharge devices, frail 1, sense surroundings 1, slow
healing 3, weak 1
a: Device Recharging, Burn Spellbooks, Berserk, Trog's Hand, Renounce Religion


You were on level 4 of the Dungeon.
You worshipped Trog.
Trog was pleased with you.
You were starving.

You visited 1 branch of the dungeon, and saw 4 of its levels.

You collected 140 gold pieces.

Inventory:

Hand weapons
 a - a +0 mace
 e - a +0 morningstar (weapon)
Armour
 g - a +0 chain mail (worn)
Jewellery
 j - a cursed amulet of inaccuracy (around neck)
Magical devices
 c - a wand of heal wounds (3)
Comestibles
 b - a beef jerky
 d - 4 bread rations
 f - 7 chunks of flesh
 h - 3 meat rations
 i - a fruit


   Skills:
 + Level 3.9 Fighting
 + Level 4.5 Maces & Flails
 + Level 4.2 Armour
 + Level 4.0 Dodging


You had 5 spell levels left.
You didn't know any spells.

Dungeon Overview and Level Annotations

Branches:
Dungeon (4/15)
 Temple: D:4-7

Altars:

Annotations:
D:3 Sigmund


Innate Abilities, Weirdness & Mutations

You are resistant to damage.
You can recharge devices by infusing magical energy.
You passively map a small area around you.
You do not heal naturally.
You are frail (-10% HP).
You are weak. (Str -2)


Message History

You kill the orc!
Trog accepts your kill. The gnoll barely misses you.
Things that are here:
a scythe; a robe The gnoll hits you with a scythe.
* * * LOW HITPOINT WARNING * * *
You hit the gnoll.
The gnoll is lightly wounded.
You are starving!
The gnoll closely misses you.
You closely miss the gnoll.
The gnoll is lightly wounded.
The gnoll closely misses you.
You hit the gnoll.
The gnoll is moderately wounded.
You hit the gnoll.
The gnoll is heavily wounded.
The gnoll hits you with a scythe!
You die...

* #.# ##.##
##########.#.#
#.<.......###.
#.#.######.#.# * *
#.#.# #.## * #.#.#
#.# **#.#####.#.# #
# ,..........#
#.#####.### #, *,**
#@)...# #. * *
#g##### #.## ,** #.#
#... ** #.# ###.
#.### #... * ,#...#
##g#. * # ###.##
##.... *
#.##.g.########.###.
,*#......[........#
#. ,
####...########<# #.
##.## ##...#


You could see a gnoll.

Vanquished Creatures
  Grinder (D:3)
  6 gnolls (D:4)
  An ooze (D:1)
  4 worms
  2 giant geckos
  7 orcs
  A ball python (D:1)
  A giant cockroach (D:4)
  11 hobgoblins
  5 kobolds
  4 bats
  A giant gecko skeleton (D:4)
  5 giant newts
  5 goblins
  18 jackals
  9 rats
81 creatures vanquished.

Notes
Turn   | Place    | Note
--------------------------------------------------------------
     0 | D:1      | FIQ the Deep Dwarf Berserker began the quest for the Orb.
     0 | D:1      | Reached XP level 1. HP: 20/20 MP: 1/1
   181 | D:1      | Reached XP level 2. HP: 10/27 MP: 2/2
   270 | D:1      | Gained mutation: You are partially covered in slimy green scales (AC +2). [potion of mutation]
   270 | D:1      | Gained mutation: You are agile. (Dex +2) [potion of mutation]
   271 | D:1      | Gained mutation: You are frail (-10% HP). [potion of mutation]
   271 | D:1      | Lost mutation: You are partially covered in slimy green scales (AC +2). [potion of mutation]
   723 | D:2      | Reached XP level 3. HP: 30/30 MP: 3/3
   801 | D:2      | Acquired Trog's second power
  1318 | D:3      | Noticed Grinder
  1321 | D:3      | Paralysed by Grinder for 6 turns
  1335 | D:3      | Paralysed by Grinder for 4 turns
  1356 | D:3      | Killed Grinder
  1356 | D:3      | Reached skill level 4 in Maces & Flails
  1356 | D:3      | Reached XP level 4. HP: 2/39 MP: 4/4
  1356 | D:3      | Reached XP level 5. HP: 2/45 MP: 5/5
  1488 | D:3      | Reached XP level 6. HP: 31/51 MP: 6/6
  1637 | D:3      | Noticed Sigmund
  1699 | D:4      | Lost mutation: You are agile. (Dex +2) [potion of mutation]
  1700 | D:4      | Gained mutation: You are partially covered in molten scales (AC +1). [potion of mutation]
  1700 | D:4      | Lost mutation: You are partially covered in molten scales (AC +1). [potion of mutation]
  1700 | D:4      | Gained mutation: You are weak. (Str -2) [potion of mutation]
  1944 | D:4      | HP: 2/51 [orc/scythe (3)]
  1967 | D:4      | Mangled by a gnoll

Vault maps used:
D:1:      lemuel_arrival_room
D:2:      st_stairs_9
D:3:      ecumenical_altar_2, uniq_grinder, uniq_sigmund
D:4:      sigmund_army

Action                   |  1- 3 |  4- 6 || total
-------------------------+-------+-------++-------
Melee: Mace              |   194 |    51 ||   245
       Morningstar       |       |    75 ||    75
Invok: Trog's Hand       |     2 |     3 ||     5
       Berserk           |     1 |     2 ||     3
Evoke: Wand              |     1 |     1 ||     2
  Use: Potion            |     4 |     4 ||     8
       Scroll            |     1 |     1 ||     2
  Eat: Chunk             |     2 |     4 ||     6
